 Dungeon Crawl Stone Soup version 0.30-a0-743-gbfdf073431 (webtiles) character file.

Game seed: 8105668133161325827

136 jimonade the Sneak (level 4, -3/34 HPs)
             Began as a Mummy Brigand on Feb 6, 2023.
             Slain by Terence
             ... wielding a +0 morningstar
              (12 damage)
             ... on level 2 of the Dungeon.
             The game lasted 00:02:32 (1593 turns).

jimonade the Sneak (Mummy Brigand)                  Turns: 1593, Time: 00:02:32

Health: -3/34      AC:  4    Str: 14    XL:     4   Next: 98%
Magic:  13/13      EV: 12    Int: 10    God:
Gold:   88         SH:  0    Dex: 15    Spells: 3/3 levels left

rFire   x . .      SeeInvis .    a - +2 dagger
rCold   + . .      Faith    +    (no shield)
rNeg    + + +      Spirit   .    b - +0 robe
rPois   ∞          Reflect  .    j - +0 helmet
rElec   .          Harm     .    c - +0 cloak
rCorr   .          Rampage  .    (no gloves)
Will    .....                    (no boots)
Stlth   +++                      (no amulet)
HPRegen 0.25/turn                k - ring of magical power
MPRegen 0.13/turn                (no ring)

@: no status effects
A: cold resistance 1, negative energy resistance 3, torment resistance 2, heat
vulnerability 1, in touch with death 1, no potions, faith
a: no special abilities


You were on level 2 of the Dungeon.
You visited 1 branch of the dungeon, and saw 2 of its levels.

You collected 88 gold pieces.

Inventory:

Hand Weapons
 a - a +2 dagger (weapon)
Missiles
 d - 9 poisoned darts
 e - 2 curare-tipped darts (quivered)
Armour
 b - a +0 robe (worn)
 c - a +0 cloak (worn)
 j - a +0 helmet (worn)
 m - a +0 leather armour
 n - a +0 ring mail
Jewellery
 k - a ring of magical power (left hand)
Scrolls
 f - a scroll of magic mapping {unknown}
 g - a scroll of fog {unknown}
 h - a scroll of summoning {unknown}
 i - a scroll of identify {unknown}
 l - 2 scrolls of brand weapon {unknown}
 o - a scroll of teleportation {unknown}


   Skills:
 + Level 2.3 Fighting
 * Level 2.7 Short Blades
 * Level 2.1 Throwing
 + Level 1.4 Dodging
 + Level 4.1 Stealth


You had 3 spell levels left.
You didn't know any spells.
Your spell library was empty.

Dungeon Overview and Level Annotations

Branches:
Dungeon (2/15)

Altars:

Annotations:
D:2 Terence


Innate Abilities, Weirdness & Mutations

You are immune to poison.
Your flesh is cold resistant. (rC+)
You are immune to negative energy. (rN+++)
You are immune to unholy pain and torment.
You are vulnerable to heat. (rF-)
You are in touch with the powers of death.
You do not drink.
You have a special connection with the divine. (Faith)


Message History

Terence barely misses you.
You barely miss Terence.
Terence is lightly wounded.
Terence shouts, "Now you die!" Terence barely misses you.
You hit Terence.
Terence is moderately wounded.
Terence barely misses you.
You hit Terence but do no damage.
Terence is moderately wounded.
Terence hits you with a +0 morningstar!
You aren't carrying any items that you can evoke.
Unknown command.
Unknown command.
Throw: 3 darts (curare)
Press: ? - help, Q - select action, (/) - cycle Shift-Dir - straight line, f - Terence
Aim: Terence, wielding a +0 morningstar and wearing a +0 chain mail (moderately wounded, 68% to hit)
You throw a curare-tipped dart. The curare-tipped dart hits Terence.
Terence is poisoned.
Terence convulses.
Terence seems to slow down.
Terence is severely wounded.
You hit Terence.
Terence is almost dead.
Terence hits you with a +0 morningstar!
You hit Terence but do no damage.
Terence is almost dead.
Terence hits you with a +0 morningstar!
* * * LOW HITPOINT WARNING * * *
You hit Terence but do no damage.
Terence is almost dead.
You hit Terence but do no damage.
Terence is almost dead.
Terence looks scornfully at you. Terence closely misses you.
You hit Terence but do no damage.
Terence is almost dead.
You hit Terence but do no damage.
Terence is almost dead.
Terence hits you with a +0 morningstar!
You die...

.# .................... .#
........###......### .###
#######.##†.###### ...#
#.......#..## ##### ...#
#.######..## #...# ...#
#.#####..########...# ...#
#.#....#..............'
.###
#.....................# .#
#.####@#............### .#
#(....@#>...........# .#
##################### .#
#.............#
.############.###########.#
...............# #.#
........#####..#
########.####### .##)##..#
#..# #...............
##.#.##.# #..#
#.######.#######


You could see Terence (poisoned, slow).

Vanquished Creatures
  Natasha (thrice) (D:2)
  3 adders (D:2)
  A dart slug (D:2)
  3 bats
  3 endoplasms
  3 giant cockroaches (D:1)
  3 goblins
  2 hobgoblins
  A quokka (D:1)
  3 ball pythons
  3 frilled lizards
  A kobold (D:2)
  3 rats (D:1)
32 creatures vanquished.

Notes
Turn   | Place    | Note
-------+----------+-------------------------------------------
     0 | D:1      | jimonade the Mummy Brigand began the quest for the Orb.
     0 | D:1      | Reached XP level 1. HP: 16/16 MP: 1/1
    74 | D:1      | Reached skill level 1 in Dodging
   196 | D:1      | Reached XP level 2. HP: 21/22 MP: 2/2
   993 | D:2      | Gained mutation: You are in touch with the powers of death.
                  | [Mummy growth]
   993 | D:2      | Reached XP level 3. HP: 21/27 MP: 3/3
  1025 | D:2      | Noticed Natasha
  1030 | D:2      | Killed Natasha
  1033 | D:2      | Noticed Natasha
  1049 | D:2      | Killed Natasha
  1050 | D:2      | Reached skill level 4 in Stealth
  1050 | D:2      | Reached XP level 4. HP: 22/33 MP: 4/4
  1477 | D:2      | Noticed Natasha
  1487 | D:2      | Killed Natasha
  1554 | D:2      | Noticed Terence
  1593 | D:2      | Slain by Terence

Illustrated notes

Levels and vault maps discovered:
D:1:      onia_arrival_pentagram, layout_basic, chequers_serial_rivers_micro_d,
          skrybe_limestone_x
D:2:      layout_basic, minmay_ruptured, uniq_terence, uniq_jessica,
          uniq_natasha

Skill      XL: |  1  2  3 |
---------------+----------+-----
Dodging        | 1 |  1.4
Short Blades   | 2 |  2.7
Throwing       | 2 |  2.1
Stealth        | 4 |  4.1
Fighting       | |  2.3

Action                     |  1- 3 |  4- 6 || total
---------------------------+-------+-------++-------
  Melee: Dagger            |    74 |    46 ||   120
         Punch             |     1 |     1 ||     2
  Throw: Dart              |       |     1 ||     1
   Stab: Sleeping          |     8 |     3 ||    11
 Armour: Robe              |    23 |    14 ||    37
  Dodge: Dodged            |    34 |    32 ||    66

Table legend: (Time is in decaauts)
 A = Elapsed time spent in this place.
 B = Non-inter-level travel time spent in this place.
 C = Inter-level travel time spent in this place.
 D = Time resting spent in this place.
 E = Time spent auto-exploring this place.
 F = Levels seen in this place.
 G = Mean time per level.
                   A        B        C        D        E       F      G
               +--------+--------+--------+--------+--------+-----+--------+
         Total |   1587 |   1482 |    105 |      0 |   1166 |   2 |  793.5 |
       Dungeon |   1587 |   1482 |    105 |      0 |   1166 |   2 |  793.5 |
               +--------+--------+--------+--------+--------+-----+--------+

Top non-repeatable levels by time:
     D:1: 865 daAuts
     D:2: 722 daAuts
